 Dungeon Crawl Stone Soup version 0.30-a0-879-ga8ba668304 (webtiles) character file.

Game seed: 6563426960807449682

705 jimonade the Magician (level 7, -2/49 HPs)
             Began as a Djinni Warper on Mar 14, 2023.
             Was a Follower of Okawaru.
             Slain by a bullfrog (3 damage)
             ... on level 7 of the Dungeon.
             The game lasted 00:13:12 (4872 turns).

jimonade the Magician (Djinni Warper)               Turns: 4872, Time: 00:13:13

Health: -2/49      AC:  5    Str: 12    XL:     7   Next: 99%
Gold:   150        EV: 10    Int: 14    God:    Okawaru [*.....] SH:  0 Dex: 13

rFire   + + .      SeeInvis .    a - +2 spear (venom)
rCold   x . .      Faith    .    (no shield)
rNeg    . . .      Spirit   .    n - +0 ring mail
rPois   ∞          Reflect  .    (no helmet)
rElec   .          Rampage  .    (no cloak)
rCorr   .                        (no gloves)
Will    .....                    (boots unavailable)
Stlth   +                        D - amulet of regeneration
HPRegen 1.08/turn                (no ring)
MPRegen 0.00/turn                (no ring)

@: flying
A: sickness immunity, fire resistance 2, cold vulnerability 1, float, innate
caster, HP casting, extra vitality 1
a: Renounce Religion, Heroism


You were on level 7 of the Dungeon.
You worshipped Okawaru.
Okawaru was aware of your devotion.
You visited 2 branches of the dungeon, and saw 8 of its levels.

You collected 150 gold pieces.

Inventory:

Hand Weapons
 a - a +2 spear of venom (weapon)
 b - a +4 dagger
 f - a +1 rapier of speed
 g - a +0 spear
 h - a +0 whip
 j - a +1 heavy hand axe
 l - a +0 spectral quarterstaff
 F - a +0 flail
Missiles
 d - 6 boomerangs of dispersal
 u - 2 boomerangs
Armour
 n - a +0 ring mail (worn)
 p - a +0 plate armour
 w - a +0 leather armour
 G - a +1 chain mail of fire resistance
Magical Staves
 e - a staff of air
Jewellery
 D - an amulet of regeneration (around neck)
Wands
 r - a wand of mindburst (29)
 J - a wand of roots (2)
Scrolls
 c - a scroll of blinking
 k - a scroll of magic mapping
 m - a scroll of fear {unknown}
 o - a scroll of noise {unknown}
 s - a scroll of brand weapon {unknown}
 y - a scroll of immolation {unknown}
 A - a scroll of teleportation
 C - a scroll of silence
 H - a scroll of enchant armour {unknown}
Potions
 i - 2 potions of resistance
 q - a potion of degeneration {unknown}
 t - 3 potions of curing
 v - 2 potions of haste {unknown}
 x - a potion of flight {unknown}
 z - a potion of lignification {unknown}
 B - a potion of brilliance {unknown}
 E - 2 potions of heal wounds {unknown}
 I - a potion of cancellation {unknown}


   Skills:
 - Level 2.0 Fighting
 - Level 1.5 Polearms
 - Level 0.7 Throwing
 - Level 1.0 Armour
 - Level 2.1 Dodging
 + Level 6.7 Spellcasting


You knew the following spells:

 Your Spells              Type           Power      Damage    Failure   Level
a - Blink                 Tloc           46%        N/A       3%          2
b - Lesser Beckoning      Tloc           46%        N/A       3%          2
c - Vhi's Electric Charg  Tloc/Air       46%        N/A       6%          3
d - Teleport Other        Tloc           23%        N/A       6%          3
e - Manifold Assault      Tloc           23%        N/A       21%         4
f - Beastly Appendage     Tmut           46%        N/A       1%          1
g - Passwall              Tmut/Erth      19%        N/A       3%          2
h - Kindle Blastsparks    Fire/Tloc/Air  46%        2d13      6%          3
Your spell library was empty.

Dungeon Overview and Level Annotations

Branches:
Dungeon (8/15)             Temple (1/1) D:5
   Lair: D:8-11

Altars:
Ashenzari
Cheibriados
Elyvilon
Fedhas
Gozag
Hepliaklqana
Makhleb
Okawaru
Ru
Trog
Wu Jian
Xom
Zin
The Shining One

Shops:
D:1 (

Portals:
Sewer: D:5

Annotations:
Temple 2 transporters


Innate Abilities, Weirdness & Mutations

You are immune to sickness and miasma.
You are immune to poison.
Your flesh is very heat resistant. (rF++)
You are vulnerable to cold. (rC-)
You float through the air rather than walking.
You learn spells naturally, not from books.
Your magical power is your life essence.
You have superior vitality. (+4 MHP)


Message History

The killer bee closely misses you. The killer bee stings you!
The killer bee attacks as you move away!
The killer bee closely misses you.
Found a stone staircase leading up.
The killer bee closely misses you. The killer bee stings you.
There is an escape hatch in the ceiling here.
The killer bee closely misses you. The killer bee stings you.
A mysterious force pulls you upwards. The hatch slams shut behind you.
The bullfrog gives a loud, deep croak!
You miss the killer bee. The killer bee closely misses you.
The killer bee stings you.
You hit the killer bee.
The killer bee is moderately wounded.
The killer bee stings you. The killer bee barely misses you.
You hit the killer bee but do no damage.
The killer bee is moderately wounded.
The killer bee closely misses you. The killer bee stings you!
You barely miss the killer bee.
The killer bee is moderately wounded.
The killer bee stings you!
The bullfrog hits you but does no damage.
The killer bee stings you.
The bullfrog hits you but does no damage.
You are too injured to fight recklessly!
You are too injured to fight recklessly!
You are too injured to fight recklessly!
You closely miss the killer bee.
The killer bee is moderately wounded.
The killer bee stings you. The bullfrog hits you!
* * * LOW HITPOINT WARNING * * *
The killer bee stings you.
* * * LOW HITPOINT WARNING * * *
The orc misses you.
You barely miss the killer bee.
The killer bee is moderately wounded.
The killer bee barely misses you. The bullfrog hits you.
* * * LOW HITPOINT WARNING * * *
The killer bee stings you but does no damage.
The bullfrog hits you.
You die...

#.... ###....
.......
.......#######
.............#
.............#
........F....#
......y@#
####.##o# ...
..... .#.....
..#...... #.
.......# #
.......#


You could see a bullfrog, a killer bee and an orc.

Vanquished Creatures
  2 black bears
  4 hounds
  Ijyb (D:4)
  Jessica (D:3)
  A sleepcap (D:4)
  3 orc wizards (D:8)
  8 gnolls
  2 river rats (D:5)
  6 adders
  2 worms (D:4)
  2 dart slugs
  5 orcs
  7 endoplasms
  5 giant cockroaches
  3 goblins
  9 hobgoblins
  3 jackals (D:3)
  3 quokkas
  10 ball pythons
  3 bats
  A frilled lizard (D:3)
  7 kobolds
  4 rats
92 creatures vanquished.

Notes
Turn   | Place    | Note
-------+----------+-------------------------------------------
     0 | D:1      | jimonade the Djinni Warper began the quest for the Orb.
     0 | D:1      | jimonade set off with the following spells memorised:
                  | Blink, Lesser Beckoning, Vhi's Electric Charge, Teleport
                  | Other, Manifold Assault.
     0 | D:1      | Reached XP level 1. HP: 18/18 MP: 0/0
   147 | D:1      | Reached XP level 2. HP: 6/23 MP: 0/0
   351 | D:1      | Found a faded altar of an unknown god.
   434 | D:1      | Reached skill level 3 in Spellcasting
   441 | D:1      | Found Wourowk's Antique Weapon Shoppe.
   598 | D:1      | Reached XP level 3. HP: 25/28 MP: 0/0
   598 | D:1      | Learned a level 1 spell: Beastly Appendage
  1189 | D:2      | Reached XP level 4. HP: 30/33 MP: 0/0
  2235 | D:3      | Found a glowing golden altar of the Shining One.
  2410 | D:3      | Found a shimmering altar of Xom.
  2508 | D:3      | Noticed Jessica
  2512 | D:3      | Killed Jessica
  2513 | D:3      | Reached skill level 4 in Spellcasting
  2695 | D:4      | Reached XP level 5. HP: 31/38 MP: 0/0
  2695 | D:4      | Learned a level 2 spell: Passwall
  2757 | D:4      | Noticed Ijyb
  3194 | D:4      | Reached XP level 6. HP: 43/43 MP: 0/0
  3447 | D:4      | Reached skill level 5 in Spellcasting
  3622 | D:4      | Killed Ijyb
  3976 | D:4      | Noticed a black bear
  3994 | D:4      | Killed a black bear
  3995 | D:4      | Reached XP level 7. HP: 27/49 MP: 0/0
  3995 | D:4      | Learned a level 3 spell: Kindle Blastsparks
  4511 | D:5      | Entered Level 5 of the Dungeon
  4522 | D:5      | Found a staircase to the Ecumenical Temple.
  4527 | Temple   | Entered the Ecumenical Temple
  4527 | Temple   | Found a transporter.
  4527 | Temple   | Found a transporter.
  4529 | Temple   | Found a transporter.
  4529 | Temple   | Found a transporter.
  4551 | Temple   | Became a worshipper of Warmaster Okawaru
  4600 | D:5      | Reached skill level 6 in Spellcasting
  4664 | D:5      | Found a glowing drain.
  4697 | D:5      | You are sucked into a shaft and drop 3 floors!
  4802 | D:8      | Reached * piety under Okawaru
  4872 | D:7      | HP: 1/49 [bullfrog (4)]
  4872 | D:7      | Slain by a bullfrog

Illustrated notes

Levels and vault maps discovered:
D:1:      minmay_arrival_four_circles, layout_basic, serial_shops, shop_statue,
          hellmonk_ecumenical_altar_heavens_door, item_on_display_a
D:2:      layout_basic
D:3:      layout_loops_ring, tso_oasis_becter, mainiacjoe_overflow_paths,
          minmay_misc_feat_cross, kennysheep_jessica_study
D:4:      minmay_razor_zed, layout_layer_cave, amcnicky_mini_pool_small,
          uniq_ijyb
D:5:      layout_loops_ring, lemuel_tele_altar, minmay_temple_entry_trees,
          portal_sewer_entry_a, uniq_sigmund
D:7:      cheibrodos_quashed, layout_basic, serial_glass, glass_columns_a,
          glass_columns_a, minmay_misc_feat_tower, uniq_crazy_yiuf_cottage
D:8:      cheibrodos_two_vegetables, layout_basic,
          nicolae_overflow_crystal_walls, lair_entry_dummy, serial_shops, shop,
          minmay_misc_feat_alley
Temple:   hellmonk_temple_divided_pantheon

Skill      XL: |  1  2  3  4  5  6  7 |
---------------+----------------------+-----
Spellcasting   | 3 4 5 6 |  6.7
Fighting       | |  2.0
Polearms       | |  1.5
Throwing       | |  0.7
Armour         | |  1.0
Dodging        | |  2.1

Action                     |  1- 3 |  4- 6 |  7- 9 || total
---------------------------+-------+-------+-------++-------
  Melee: Spear             |    37 |       |    37 ||    74
         Quarterstaff      |    23 |       |       ||    23
         Rapier            |    26 |    27 |       ||    53
         Dagger            |       |   158 |    20 ||   178
         Headbutt          |       |    16 |     1 ||    17
         Punch             |       |     1 |       ||     1
  Throw: Throwing net      |       |     1 |       ||     1
         Boomerang         |       |       |     1 ||     1
   Cast: Beastly Appendage |       |     7 |     2 ||     9
         Kindle Blastspark |       |       |    17 ||    17
  Evoke: Wand              |       |     5 |       ||     5
    Use: Scroll            |       |       |     7 ||     7
 Armour: Leather armour    |    20 |     1 |       ||    21
         Ring mail         |       |    44 |    18 ||    62
  Dodge: Dodged            |    34 |    78 |    50 ||   162

Table legend: (Time is in decaauts)
 A = Elapsed time spent in this place.
 B = Non-inter-level travel time spent in this place.
 C = Inter-level travel time spent in this place.
 D = Time resting spent in this place.
 E = Time spent auto-exploring this place.
 F = Levels seen in this place.
 G = Mean time per level.
                   A        B        C        D        E       F      G
               +--------+--------+--------+--------+--------+-----+--------+
         Total |   4863 |   4635 |    228 |    137 |   2826 |   8 |  607.9 |
       Dungeon |   4820 |   4592 |    228 |    137 |   2826 |   7 |  688.6 |
        Temple |     42 |     42 |      0 |      0 |      0 |   1 |   42.0 |
               +--------+--------+--------+--------+--------+-----+--------+

Top non-repeatable levels by time:
     D:4: 1864 daAuts
     D:2: 1106 daAuts
     D:3: 895 daAuts
     D:1: 636 daAuts
     D:8: 169 daAuts
     D:5: 143 daAuts
  Temple: 42 daAuts
     D:7: 5 daAuts
